cohdb
Replays
Latest Replays
All Replays
Popular Replays
Top Player Replays
Match Explorer
How It Works
Community
CoH3 Stats
Reddit
Sign in to upload your games and track your stats! →
Sign in with Steam
Match 45828060
Unlisted
Match 45828060
Overview
Messages
Build Orders
End
Kradschützen Motorcycle Team
Panzerpioneer Squad
Selects Armored Support Battlegroup
250 Light Carrier
Construct Light Support Kompanie
Assault Grenadier Squad
Combat Half-tracks
Selects Veteran Gunners
Panzerjäger Squad
Construct Mechanized Kompanie
Vehicle Survival Package
Marder III Tank Destroyer
Selects Salvage Kits
Marder III Tank Destroyer
2.5-tonne Medical Truck
8 Rad Armored Car
Support Armor Elements
Emergency Repair Kits
Selects Flammpanzer III Medium Tank
Flammpanzer III Medium Tank
Advanced Optics
Construct Panzerarmee Kommand
Armored Reserves
Pak 38 Mechanized Group
Rapid Advance
Selects Panzer Storm
Tiger Heavy Tank
Selects Stuka Anti-tank Loiter
Stuka Anti-tank Loiter
254 Reconnaissance Tractor
Stuka Anti-tank Loiter
Liberator4515
DNS IP from your ISP
0
0
Comments
sign in to comment!
No comments posted yet!